 Dungeon Crawl Stone Soup version 0.28.0-53-g5a82cb258f (webtiles) character file.

Game seed: 14509125601216394088

101 Peloso the Covered (level 4, -1/40 HPs)
             Began as a Minotaur Fighter on Aug 20, 2022.
             Slain by Sigmund
             ... wielding a +4 scythe of flaming
              (12 damage)
             ... on level 2 of the Dungeon.
             The game lasted 00:01:44 (1294 turns).

Peloso the Covered (Minotaur Fighter)               Turns: 1294, Time: 00:01:44

Health: -1/40      AC:  7    Str: 20    XL:     4   Next: 48%
Magic:  3/3        EV:  9    Int:  5    God:
Gold:   61         SH:  5    Dex: 12    Spells: 3/3 levels left

rFire   . . .      SeeInvis .   a - +0 long sword
rCold   . . .      Faith    .   c - +0 buckler
rNeg    . . .      Spirit   .   b - +0 scale mail
rPois   .          Reflect  .   (helmet restricted)
rElec   .          Harm     .   (no cloak)
rCorr   .          Rampage  .   (no gloves)
Will    .....                   (no boots)
Stlth   ..........              (no amulet)
HPRegen 0.13/turn               (no ring)
MPRegen 0.08/turn               (no ring)

@: no status effects
A: horns 2, retaliatory headbutt
a: no special abilities


You were on level 2 of the Dungeon.
You visited 1 branch of the dungeon, and saw 2 of its levels.

You collected 61 gold pieces.

Inventory:

Hand Weapons
 a - a +0 long sword (weapon)
Armour
 b - a +0 scale mail (worn)
 c - a +0 buckler (worn)
Jewellery
 g - a ring of poison resistance
 i - a ring of magical power
Potions
 d - a potion of might
 e - a potion of flight {unknown}
 f - a potion of attraction {unknown}
 h - a potion of haste {unknown}
 j - a potion of heal wounds {unknown}


   Skills:
 + Level 4.1 Fighting
 + Level 4.2 Long Blades
 + Level 4.5 Armour
 + Level 0.1 Dodging
 + Level 4.1 Shields


You had 3 spell levels left.
You didn't know any spells.
Your spell library contained the following spells:

 Spells                   Type           Power      Damage    Failure   Level
 Sting                    Tmut/Pois      0%         1d3       88%         1
 Poisonous Vapours        Pois/Air       0%         N/A       96%         2
 Conjure Flame            Conj/Fire      0%         6-21      99%         3
 Ignite Poison            Fire/Tmut/Pois 0%         N/A       99%         3
 Olgreb's Toxic Radiance  Pois           0%         N/A       100%        4
 Sticky Flame             Conj/Fire      0%         2d3       100%        4
 Summon Ice Beast         Ice/Summ       0%         N/A       100%        4
 Summon Mana Viper        Hex/Summ       0%         N/A       100%        5
 Monstrous Menagerie      Summ           0%         N/A       100%        7


Dungeon Overview and Level Annotations

Branches:
Dungeon (2/15)

Altars:

Shops:
D:1 (   D:2 =

Annotations:
D:2 Sigmund


Innate Abilities, Weirdness & Mutations

You have a pair of horns on your head.
You reflexively headbutt those who attack you in melee.


Message History

Your Long Blades skill increases to level 4!
You have reached level 4!
You feel agile.
You see here a scorpion corpse.
A ball python comes into view.
The ball python hisses angrily.
A ball python is nearby!
A ball python is nearby!
You slash the ball python!
You kill the ball python!
You see here a ball python corpse.
Sigmund the Dreaded comes into view.
He is wielding a +4 scythe of flaming and carrying a wand of flame (16).
Sigmund shouts!
Sigmund zaps a wand.
The puff of flame hits you.
Sigmund is nearby!
Sigmund is nearby!
Sigmund hits you from afar with a +4 scythe of flaming.
Sigmund burns you.
You barely miss Sigmund. You headbutt Sigmund!
Sigmund is moderately wounded.
Sigmund zaps a wand.
The puff of flame misses you.
You hit Sigmund but do no damage. Your headbutt misses Sigmund.
Sigmund is moderately wounded.
Sigmund hits you with a +4 scythe of flaming.
Sigmund burns you.
You barely miss Sigmund. Your headbutt misses Sigmund.
Sigmund is moderately wounded.
You block Sigmund's attack.
You hit Sigmund.
Sigmund is moderately wounded.
Sigmund hits you with a +4 scythe of flaming!
Sigmund burns you.
* * * LOW HITPOINT WARNING * * *
You hit Sigmund. Your headbutt misses Sigmund.
Sigmund is moderately wounded.
Sigmund barely misses you.
You hit Sigmund but do no damage. Your headbutt misses Sigmund.
Sigmund is moderately wounded.
Sigmund hits you with a +4 scythe of flaming!
You die...

## #..#
...####.#####..#
...............#
.###....#####.##
##.#.## #.#..#
##.#..#
#.###.....#
#..@#.##.#
##@##.##.# ...
.....#
###.......#
####..... #....#
#.#### #..#####


You could see Sigmund.

Vanquished Creatures
  A scorpion (D:2)
  A worm (D:2)
  2 dart slugs (D:1)
  5 bats
  3 endoplasms (D:2)
  A giant cockroach (D:1)
  3 goblins
  A hobgoblin (D:2)
  4 jackals
  A kobold (D:1)
  2 quokkas (D:1)
  6 ball pythons
  2 rats
32 creatures vanquished.

Notes
Turn   | Place    | Note
-------+----------+-------------------------------------------
     0 | D:1      | Peloso the Minotaur Fighter began the quest for the Orb.
     0 | D:1      | Reached XP level 1. HP: 19/19 MP: 0/0
   275 | D:1      | Reached XP level 2. HP: 27/27 MP: 1/1
   310 | D:1      | Found a faded altar of an unknown god.
   662 | D:1      | Found Anojusub's Weapon Boutique.
   968 | D:2      | Reached XP level 3. HP: 30/33 MP: 2/2
  1188 | D:2      | Found Ucaaxow's Jewellery Shoppe.
  1222 | D:2      | Noticed a scorpion
  1231 | D:2      | Killed a scorpion
  1232 | D:2      | Reached XP level 4. HP: 35/40 MP: 3/3
  1286 | D:2      | Noticed Sigmund
  1294 | D:2      | Slain by Sigmund

Illustrated notes

Levels and vault maps discovered:
D:1:      dpeg_arrival_arbitrary_a, layout_loops_corners, serial_shops,
          nicolae_shop_bloodbath_and_beyond, ebering_ecumenical_altar_webs
D:2:      layout_loops_ring, serial_shops, nicolae_shop_crystal,
          kennysheep_generic_room_13, uniq_sigmund

Skill      XL: |  1  2  3 |
---------------+----------+-----
Armour         | 4 |  4.5
Long Blades    | 3 4 |  4.2
Shields        | 4 |  4.1
Fighting       | 4 |  4.1
Dodging        | |  0.1

Action                   |  1- 3 |  4- 6 || total
-------------------------+-------+-------++-------
Melee: Long sword        |    64 |     7 ||    71
       Headbutt          |    12 |     1 ||    13
Armor: Scale mail        |    26 |       ||    26
Dodge: Dodged            |    29 |     2 ||    31
Block: Buckler           |    17 |     1 ||    18
